AoeStats
← William Fletcher Montgomery III

African Clearing

504392303Analyzed
3v3 RM · 29d ago on Sep 5, 2026· 28m 58s· 6 players
Game mode
Random Map
Map size
Normal (6 player)
Population
200
Speed
Normal
Resources
Standard
Victory
Conquest
Starting age
Dark Age
Ending age
Imperial Age
RankedLock teamsTeams togetherTeam positionsShared explorationLock speedFull tech treeHidden civsTurbo modeCheats
Victory
Defeat
🇨🇳 Spanish · China
1336
+11
🇦🇷 Mongols · Argentina
1288
+13
🇺🇸 Maya · United States
1212
+16
1276
-16
🇺🇸 Turks · United States
1267
-15
🇺🇸 Mongols · United States
1100
-9
ASTORONGA
5:09 Loom
12:49 Feudal Age
17:52 Castle Age
16:06 Stone Mining
16:10 Fletching
17:03 Double-Bit Axe
19:43 Bodkin Arrow
21:39 Gold Mining
26:13 Wheelbarrow
26:06 Husbandry
27:06 Bow Saw
27:02 Padded Archer Armor
28:52 Hand Cart
Issaq
7:50 Loom
12:17 Feudal Age
13:13 Double-Bit Axe
18:34 Castle Age
17:07 Fletching
19:05 Gold Mining
19:40 Crossbowman
22:30 Bodkin Arrow
28:17 Wheelbarrow
28:33 Thumb Ring
28:31 Padded Archer Armor
Fsee
11:36 Loom
13:34 Feudal Age
15:41 Double-Bit Axe
18:25 Castle Age
17:59 Gold Mining
18:15 Horse Collar
19:36 Bow Saw
aa3099
9:42 Loom
13:23 Feudal Age
14:06 Double-Bit Axe
14:06 Horse Collar
17:28 Wheelbarrow
19:13 Forging
20:22 Gold Mining
24:49 Castle Age
25:50 Bow Saw
25:44 Heavy Plow
26:26 Bloodlines
26:23 Scale Barding Armor
27:15 Fletching
William Fletcher Montgomery III
7:20 Loom
11:34 Feudal Age
12:11 Double-Bit Axe
13:13 Horse Collar
21:51 Castle Age
26:14 Scale Barding Armor
26:20 Forging
Alcatraz
8:53 Loom
13:27 Feudal Age
17:57 Castle Age
19:07 Double-Bit Axe
19:05 Horse Collar
20:35 Bow Saw
22:06 Fletching
22:16 Padded Archer Armor
23:56 Husbandry
24:09 Bloodlines
27:23 Wheelbarrow
Connection lost

Rejoining the realm…

Still unreachable

The connection could not be restored.

Session expired

The server has moved on; the page needs a fresh start.